 Dungeon Crawl Stone Soup version 0.30-a0-883-g5ad918d77d (webtiles) character file.

Game seed: 17188562348192078464

1 FallingFreak the Chiller (level 1, -1/14 HPs)
             Began as a Ghoul Ice Elementalist on Mar 16, 2023.
             Slain by a jackal (2 damage)
             ... on level 1 of the Dungeon.
             The game lasted 00:00:41 (44 turns).

FallingFreak the Chiller (Ghoul Ice Elementalist)     Turns: 44, Time: 00:00:42

Health: -1/14      AC:  2    Str: 11    XL:     1   Next: 20%
Magic:  1/2        EV: 12    Int: 10    God:
Gold:   0          SH:  0    Dex:  9    Spells: 2/3 levels left

rFire   . . .      SeeInvis .    (no weapon)
rCold   + . .      Faith    .    (no shield)
rNeg    + + +      Spirit   .    a - +0 robe
rPois   ∞          Reflect  .    (no helmet)
rElec   .          Rampage  .    (no cloak)
rCorr   .                        (no gloves)
Will    .....                    (no boots)
Stlth   ++                       (no amulet)
HPRegen 0.00/turn                (no ring)
MPRegen 0.08/turn                (no ring)

@: inhibited regen
A: claws 1, cold resistance 1, negative energy resistance 3, inhibited
regeneration, torment resistance 2, devour on kill
a: no special abilities


You were on level 1 of the Dungeon.
You visited 1 branch of the dungeon, and saw 1 of its levels.

Inventory:

Armour
 a - a +0 robe (worn)
Potions
 x - a potion of magic


   Skills:
 + Level 1.8 Dodging
 + Level 2.2 Stealth
 + Level 1.8 Spellcasting
 + Level 4.4 Ice Magic


You had 2 spell levels left.
You knew the following spells:

 Your Spells              Type           Power      Damage    Failure   Level
Z - Freeze                Ice            36%        1d5       5%          1

Your spell library contained the following spells:

 Spells                   Type           Power      Damage    Failure   Level
 Frozen Ramparts          Ice            18%        1d3       16%         3
 Ozocubu's Armour         Ice            9%         N/A       16%         3
 Summon Ice Beast         Ice/Summ       5%         N/A       78%         4


Dungeon Overview and Level Annotations

Branches:
Dungeon (1/15) Zot: 5953

Altars:


Innate Abilities, Weirdness & Mutations

You are immune to poison.
You have sharp fingernails.
Your flesh is cold resistant. (rC+)
You are immune to negative energy. (rN+++)
You do not regenerate when monsters are visible.
You are immune to unholy pain and torment.
You thrive by killing the living.


Message History

The jackal is almost dead.
The jackal bites you.
* * * LOW HITPOINT WARNING * * *
The jackal closely misses you.
Unknown command.
Attack: -) Claws
Press: ? - help, Dir - move target, f/p - jackal
Aim: a jackal (almost dead, about 53% to evade your claws)
You scratch the jackal but do no damage.
The jackal is almost dead.
The jackal barely misses you.
Unknown command.
Attack: -) Claws
Press: ? - help, Dir - move target, f/p - jackal
Aim: a jackal (almost dead, about 53% to evade your claws)
You scratch the jackal but do no damage.
The jackal is almost dead.
The jackal closely misses you. x2
Unknown command.
Attack: -) Claws
Press: ? - help, Dir - move target, f/p - jackal
Aim: a jackal (almost dead, about 53% to evade your claws)
You closely miss the jackal.
The jackal is almost dead.
The jackal bites you but does no damage.
Unknown command.
Attack: -) Claws
Press: ? - help, Dir - move target, f/p - jackal
Aim: a jackal (almost dead, about 53% to evade your claws)
You closely miss the jackal.
The jackal is almost dead.
The jackal closely misses you.
Unknown command.
Attack: -) Claws
Press: ? - help, Dir - move target, f/p - jackal
Aim: a jackal (almost dead, about 53% to evade your claws)
You scratch the jackal but do no damage.
The jackal is almost dead.
The jackal bites you.
You die...

###..♣♣♣#######
#<......'@hhh.#
###..♣♣♣#####.#
#..♣≈≈≈#
##♣~≈≈## #####


You could see 3 jackals.

Vanquished Creatures
  A jackal (D:1)
1 creature vanquished.

Notes
Turn   | Place    | Note
-------+----------+-------------------------------------------
     0 | D:1      | FallingFreak the Ghoul Ice Elementalist began the quest for
                  | the Orb.
     0 | D:1      | Reached XP level 1. HP: 14/14 MP: 2/2
    44 | D:1      | Slain by a jackal

Illustrated notes

Levels and vault maps discovered:
D:1:      saegor_arrival_simple_d, layout_loops_corners

Action                     || total
---------------------------++-------
  Melee: Unarmed           ||    23
   Cast: Freeze            ||     3
 Armour: Robe              ||     6
  Dodge: Dodged            ||    20

Table legend: (Time is in decaauts)
 A = Elapsed time spent in this place.
 B = Non-inter-level travel time spent in this place.
 C = Inter-level travel time spent in this place.
 D = Time resting spent in this place.
 E = Time spent auto-exploring this place.
 F = Levels seen in this place.
 G = Mean time per level.
                   A        B        C        D        E       F      G
               +--------+--------+--------+--------+--------+-----+--------+
         Total |     45 |     45 |      0 |      0 |     16 |   1 |   45.0 |
       Dungeon |     45 |     45 |      0 |      0 |     16 |   1 |   45.0 |
               +--------+--------+--------+--------+--------+-----+--------+

Top non-repeatable levels by time:
     D:1: 45 daAuts
